 Dungeon Crawl Stone Soup version 0.25-a0-842-g81a31cfd23 (webtiles) character file.

Game seed: 13264967480375703427, levelgen mode: deterministic

30 wvc the Chopper (level 3, -4/29 HPs)
             Began as a Centaur Wanderer on Apr 24, 2020.
             Killed by nerve-wracking pain
             ... invoked by a shadow imp
             ... summoned by Natasha
              (10 damage)
             ... on level 2 of the Dungeon.
             The game lasted 00:02:41 (874 turns).

wvc the Chopper (Centaur Wanderer)                   Turns: 874, Time: 00:02:42

Health: -4/29      AC:  5    Str: 15    XL:     3   Next: 5%
Magic:  4/4        EV:  5    Int: 12    God:
Gold:   20         SH: 13    Dex:  7    Spells: 4/4 levels left

rFire    . . .     SeeInvis .   o - +0 hand axe (curse)
rCold    . . .     Gourm    .   d - +0 kite shield
rNeg     . . .     Faith    .   i - +0 ring mail
rPois    .         Spirit   .   (no helmet)
rElec    .         Reflect  +   (no cloak)
rCorr    .         Harm     .   (no gloves)
MR       .....                  (no barding)
Stlth    ..........             n - +6 amulet of reflection
HPRegen  0.09/turn              m - ring of flight
MPRegen  0.09/turn              (no ring)

@: slowed
A: large, hooves 3, deformed body, speed 2, tough skin 3
a: Evoke Flight


You were on level 2 of the Dungeon.
You were not hungry.

You visited 1 branch of the dungeon, and saw 2 of its levels.

You collected 20 gold pieces.

Inventory:

Hand Weapons
 a - a +0 spear
 l - a cursed +0 dagger
 o - a cursed +0 hand axe (weapon)
Missiles
 j - 4 boomerangs (quivered)
Armour
 d - a +0 kite shield (worn)
 i - a +0 ring mail (worn)
Jewellery
 m - a ring of flight (left hand)
 n - a +6 amulet of reflection (around neck)
Scrolls
 b - a scroll of amnesia
 k - a scroll of magic mapping
Potions
 c - a potion of stabbing
 e - a potion of heal wounds {unknown}
 g - 3 potions of curing
 h - a potion of flight {unknown}
Comestibles
 f - 4 rations


   Skills:
 + Level 2.2 Fighting
 - Level 2.6 Axes
 - Level 1.0 Armour
 + Level 1.8 Shields
 - Level 1.0 Spellcasting
   Level 1.0 Hexes
   Level 1.0 Poison Magic
 - Level 1.0 Evocations


You had 4 spell levels left.
You didn't know any spells.
Your spell library contained the following spells:

 Spells                   Type           Power        Failure   Level  Hunger
 Foxfire                  Conj/Fire      #...         95%         1    ##.....
 Conjure Flame            Conj/Fire      #.......     100%        3    ####...


Dungeon Overview and Level Annotations

Branches:
Dungeon (2/15)

Altars:

Annotations:
D:2 Natasha


Innate Abilities, Weirdness & Mutations

You have hooves in place of feet.
Armour fits poorly on your strangely shaped body.
You cover ground very quickly.
You have extremely tough skin. (AC +3)


Message History

Natasha stares at you and mumbles some strange words.
You feel yourself slow down.
You closely miss Natasha. You kick Natasha, but do no damage.
Natasha is severely wounded.
You hit the shadow imp. x2; You block the shadow imp's attack. x2
Natasha casts a spell at you. The magic dart hits you.
* * * LOW HITPOINT WARNING * * *
The shadow imp hits you.
* * * LOW HITPOINT WARNING * * *
Natasha claws you but does no damage. The shadow imp barely misses you.
You closely miss Natasha.
Natasha is severely wounded.
Your shield prevents you from hitting the shadow imp.
You closely miss the shadow imp. You block the shadow imp's attack.
The shadow imp completely misses you. You block Natasha's attack.
The shadow imp barely misses you. The shadow imp gestures at you.
Pain shoots through your body!
You die...

#....#.# #...
#.####.#####.## .#
#)#...........# ..# .
##.########.#..# ..#.#
............#..# .....
...########.#..###...###
.#.# ##.#..#........
.#.# ###.....#.#...###
.... ..........@5......
..... ..........h5.....#
.#########.......#####.#
.# #...#5#.# +#
#......?. #...###.##
#... #.# #.. #.# #.. ..


You could see Natasha, a crimson imp and 2 shadow imps.

Vanquished Creatures
  An ooze (D:2)
  2 leopard geckos
  A ball python (D:1)
  2 bats (D:1)
  3 goblins (D:1)
  4 hobgoblins
  2 frilled lizards (D:1)
  5 kobolds
  A rat (D:2)
21 creatures vanquished.

Notes
Turn   | Place    | Note
-------+----------+-------------------------------------------
     0 | D:1      | wvc the Centaur Wanderer began the quest for the Orb.
     0 | D:1      | wvc set off with the following items: a +0 club, a +0 ring
                  | mail, a +0 kite shield, a ration; and the following spell
                  | memorised: Foxfire; and the following spells available to
                  | memorise: Conjure Flame
     0 | D:1      | Reached XP level 1. HP: 16/16 MP: 2/2
   305 | D:1      | Reached XP level 2. HP: 22/24 MP: 3/3
   856 | D:2      | Noticed Natasha
   857 | D:2      | Noticed a crimson imp
   864 | D:2      | Reached XP level 3. HP: 24/29 MP: 4/4
   874 | D:2      | Killed from afar by a shadow imp

Levels and vault maps discovered:
D:1:      beargit_arrival_greenhouse, layout_basic
D:2:      layout_basic, first_ration, uniq_natasha, uniq_robin

Skill      XL: |  1  2 |
---------------+-------+-----
Fighting       | 2 |  2.2
Axes           | |  2.6
Armour         | |  1.0
Shields        | |  1.8
Spellcasting   | |  1.0
Hexes          | |  1.0
Poison Magic   | |  1.0
Evocations     | |  1.0

Action                   || total
-------------------------++-------
Melee: Club              ||    30
       Kick              ||     8
       Hand axe          ||    43
       Short sword       ||    12
  Use: Scroll            ||     5
Armor: Ring mail         ||    37
Dodge: Dodged            ||    19
Block: Kite shield       ||    59

Table legend:
 A = Non-vault XP
 B = Vault XP
 C = Vault XP percentage of total XP
 D = Non-vault monster count
 E = Vault monster count
 F = Vault count percentage of total count
                 A         B        C        D         E       F
            +---------+---------+-------+---------+---------+-------
      Total |      44 |       0 |   0.0 |      21 |       0 |   0.0
            +---------+---------+-------+---------+---------+-------
        D:1 |      29 |       0 |   0.0 |      16 |       0 |   0.0
        D:2 |      15 |       0 |   0.0 |       5 |       0 |   0.0
            +---------+---------+-------+---------+---------+-------
